 Dungeon Crawl Stone Soup version 0.30-b1-2-g02819fbbbe (webtiles) character file.

Game seed: 17403363354764480080

1463 Lolow the Firebug (level 9, -3/63 HPs)
             Began as a Human Cinder Acolyte on May 28, 2023.
             Was an Initiate of Ignis.
             Slain by a hornet (13 damage)
             ... on level 6 of the Dungeon on May 29, 2023.
             The game lasted 00:54:41 (8477 turns).

Lolow the Firebug (Human Cinder Acolyte)            Turns: 8477, Time: 00:54:42

Health: -3/63      AC:  4    Str: 16    XL:     9   Next: 5%
Magic:  15/15      EV: 11    Int: 18    God:    Ignis [......]
Gold:   46         SH:  0    Dex:  8    Spells: 12/16 levels left

rFire   + . .        b - +0 sling (drain)
rCold   . . .        (no shield)
rNeg    + . .        d - +0 robe
rPois   .            (no helmet)
rElec   .            (no cloak)
rCorr   .            C - +0 pair of gloves
SInv    .            k - +0 pair of boots
Will    .....        (no amulet)
Stlth   ++           u - ring of positive energy
HPRegen 0.30/turn    D - ring of flight
MPRegen 0.14/turn

%: no passive effects
@: flying, slowed, very slow
A: no striking features
a: Renounce Religion, Rising Flame


You were on level 6 of the Dungeon.
You worshipped Ignis.
Ignis was noncommittal.
You visited 1 branch of the dungeon, and saw 8 of its levels.

You collected 476 gold pieces.
You spent 430 gold pieces at shops.

Inventory:

Hand Weapons
 a - a +3 falchion
 b - a +0 sling of draining (weapon)
 m - a -1 mace of flaming
 q - a +0 dagger of venom
 H - a +0 war axe
 I - a +1 dagger of speed
Missiles
 f - 3 throwing nets
 s - 20 stones
Armour
 d - a +0 robe (worn)
 k - a +0 pair of boots (worn)
 l - the +10 plate armour of Yesterday {rPois Str+8 Int-5 Dex+2 Stlth+}
   (You found it on level 3 of the Dungeon)

   Str:       It affects your strength (+8).
   Int:       It affects your intelligence (-5).
   Dex:       It affects your dexterity (+2).
   rPois:     It protects you from poison.
   Stlth:     It makes you more stealthy.
 C - a +0 pair of gloves (worn)
Magical Staves
 o - a staff of conjuration
Jewellery
 u - a ring of positive energy (left hand)
 D - a ring of flight (right hand)
 G - a ring of protection from fire
Wands
 c - a wand of charming (9)
 x - a wand of iceblast (28)
 y - a wand of mindburst (9)
Scrolls
 g - 2 scrolls of brand weapon
 i - a scroll of fog {unknown}
 z - a scroll of enchant armour {unknown}
 B - a scroll of blinking
 E - a scroll of immolation {unknown}
 F - a scroll of poison {unknown}
Potions
 e - a potion of magic
 h - a potion of degeneration
 j - a potion of might
 n - a potion of lignification {unknown}
 p - 4 potions of curing
 r - 2 potions of resistance
 t - a potion of mutation {unknown}
 v - a potion of ambrosia {unknown}
 w - a potion of brilliance {unknown}
 A - a potion of flight {unknown}


   Skills:
 - Level 3.0 Fighting
 - Level 3.1 Maces & Flails
 + Level 4.3 Ranged Weapons
 - Level 4.4 Stealth
 + Level 4.3 Spellcasting
 * Level 1.8 Conjurations
 * Level 7.2 Fire Magic


You had 12 spell levels left.
You knew the following spells:

 Your Spells              Type           Power      Damage    Failure   Level
a - Scorch                Fire           60%        2d7       1%          2
b - Kiss of Death         Conj/Necr      28%        2d7       10%         1
c - Magic Dart            Conj           40%        1d5       7%          1

Your spell library contained the following spells:

 Spells                   Type           Power      Damage    Failure   Level
 Searing Ray              Conj           20%        2d5       10%         2
 Apportation              Tloc           6%         N/A       14%         1
 Sublimation of Blood     Necr           3%         N/A       22%         2
 Wereblood                Tmut           3%         N/A       22%         2
 Sticky Flame             Conj/Fire      20%        2d4       22%         4
 Summon Guardian Golem    Hex/Summ       3%         N/A       38%         3
 Vhi's Electric Charge    Tloc/Air       6%         N/A       38%         3
 Fulminant Prism          Conj/Hex       3%         3d5       67%         4
 Arcjolt                  Conj/Air       3%         1d13      95%         5
 Alistair's Intoxication  Tmut/Pois      2%         N/A       98%         5
 Summon Hydra             Summ           1%         N/A       100%        7
 Maxwell's Capacitive Co  Air            1%         ∞         100%        8


Dungeon Overview and Level Annotations

Branches:
Dungeon (8/15)             Temple (0/1) D:7
   Lair: D:8-11

Altars:
Ashenzari
Dithmenos
Kikubaaqudgha
Makhleb
Vehumet
Wu Jian
Xom
Yredelemnul

Shops:
D:7 (*=:?

Annotations:
D:4 Edmund


Message History

The foxfire hits the hornet.
The hornet is moderately wounded.
The foxfire hits the hornet.
The hornet is moderately wounded.
The foxfire hits the hornet but does no damage.
The hornet is moderately wounded.
The foxfire hits the hornet.
The hornet is moderately wounded.
The foxfire hits the hornet.
The hornet is heavily wounded.
The foxfire hits the hornet but does no damage.
The hornet is heavily wounded.
The foxfire hits the hornet but does no damage.
The hornet is heavily wounded.
The foxfire hits the hornet but does no damage.
The hornet is heavily wounded.
The foxfire hits the hornet but does no damage.
The hornet is heavily wounded.
The foxfire hits the hornet.
The hornet is heavily wounded.
The foxfire hits the hornet.
The hornet is severely wounded.
The foxfire hits the hornet but does no damage.
The hornet is severely wounded.
The hornet stings you.
* * * LOW HITPOINT WARNING * * *
You feel as though you will be slow longer.
The foxfire hits the hornet.
The hornet is severely wounded.
The foxfire hits the hornet but does no damage.
The hornet is severely wounded.
The foxfire hits the hornet.
The hornet is severely wounded.
The hornet stings you.
* * * LOW HITPOINT WARNING * * *
You feel as though you will be slow longer.
The foxfire hits the hornet but does no damage.
The hornet is severely wounded.
The hornet stings you!
You die...

#..#### #.>#### #...#
#..# #.## ####.######
####
##.########.....#....
##........#.....).....
####.....................
#......§.........>.......
#.###.§§......<..........
#.# #.§§.y...............
#.# #.§§@v...............
#.# #.§§§§§..............
#.# #.§§§§§..#...........
#.# #######.........#....
#.# ####.########## #.##
#.# #..# # # ##########.#
.......# #.#


You could see a hornet (ally target).

Vanquished Creatures
  A water moccasin (D:8)
  An ice beast (D:4)
  An ogre (D:5)
  A phantom (D:6)
  3 bullfrogs (D:7)
  A scorpion (D:5)
  4 wights (D:7)
  A jelly (D:7)
  3 hounds
  A gnoll bouda (D:6)
  An orc priest (D:7)
  A sleepcap (D:5)
  5 iguanas
  An orc wizard (D:7)
  Robin (D:3)
  7 gnolls
  6 adders
  A white imp (D:7)
  3 ufetubi
  8 worms
  A dart slug (D:3)
  12 orcs
  An endoplasm (D:2)
  5 giant cockroaches
  9 goblins
  12 hobgoblins
  5 jackals (D:1)
  2 quokkas
  7 ball pythons
  5 bats
  3 frilled lizards
  6 kobolds
  2 rats (D:3)
121 creatures vanquished.

Vanquished Creatures (others)
  64 foxfires
64 creatures vanquished.

Grand Total: 185 creatures vanquished

Notes
Turn   | Place    | Note
-------+----------+-------------------------------------------
     0 | D:1      | Lolow the Human Cinder Acolyte began the quest for the Orb.
     0 | D:1      | Reached XP level 1. HP: 18/18 MP: 2/2
    84 | D:1      | Got the Excursus on Injurious Rallying
    92 | D:1      | Reached XP level 2. HP: 23/24 MP: 3/3
    96 | D:1      | Learned a level 2 spell: Scorch
   573 | D:2      | Reached XP level 3. HP: 23/29 MP: 5/5
  1005 | D:2      | Reached skill level 1 in Stealth
  1844 | D:3      | Reached skill level 1 in Ranged Weapons
  1862 | D:3      | Reached XP level 4. HP: 35/35 MP: 3/6
  2043 | D:3      | Noticed Robin
  2148 | D:3      | Identified the +10 plate armour of Yesterday {rPois Str+8
                  | Int-5 Dex+2 Stlth+}
  2154 | D:3      | Reached skill level 4 in Fire Magic
  2342 | D:3      | Reached XP level 5. HP: 41/41 MP: 8/8
  2434 | D:3      | Killed Robin
  3679 | D:4      | Noticed Edmund
  3918 | D:5      | Entered Level 5 of the Dungeon
  3973 | D:5      | Reached XP level 6. HP: 42/47 MP: 1/9
  4082 | D:5      | Noticed an ogre
  4093 | D:5      | Killed an ogre
  4094 | D:5      | Reached skill level 5 in Fire Magic
  4243 | D:5      | Found a glowing drain.
  4432 | D:5      | Noticed an ice beast
  4454 | D:4      | Killed an ice beast
  4455 | D:4      | Reached XP level 7. HP: 26/52 MP: 0/11
  5019 | D:4      | Learned a level 1 spell: Kiss of Death
  5238 | D:5      | Found an ornate altar of the Wu Jian Council.
  5239 | D:5      | Identified the +1 hand axe of Upheaval {flame, Fragile
                  | rElec Int+4}
  5344 | D:5      | Found an ancient bone altar of Kikubaaqudgha.
  5344 | D:5      | Found a burning altar of Makhleb.
  5344 | D:5      | Found a shadowy altar of Dithmenos.
  5874 | D:7      | Reached skill level 6 in Fire Magic
  5874 | D:7      | Reached XP level 8. HP: 33/58 MP: 1/13
  6269 | D:7      | Found Duduin's Book Shop.
  6395 | D:7      | Found Efigi's Jewellery Shop.
  6400 | D:7      | Found a staircase to the Ecumenical Temple.
  6450 | D:7      | Bought a ring of flight for 210 gold pieces
  6498 | D:7      | Found Limpelau's General Store.
  7158 | D:7      | Bought a book of Conjurations for 220 gold pieces
  7160 | D:7      | Learned a level 1 spell: Magic Dart
  7492 | D:7      | Found Dotypsate's Magic Scroll Emporium.
  7641 | D:7      | Reached skill level 7 in Fire Magic
  7761 | D:7      | Reached skill level 1 in Conjurations
  7982 | D:7      | Found Oquodit's Weapon Shop.
  8039 | D:6      | Reached XP level 9. HP: 63/63 MP: 12/15
  8183 | D:6      | Noticed a hornet
  8346 | D:5      | Found a basalt altar of Yredelemnul.
  8346 | D:5      | Found a radiant altar of Vehumet.
  8346 | D:5      | Found a shimmering altar of Xom.
  8349 | D:5      | Found a broken altar of Ashenzari.
  8475 | D:6      | Paralysed by a hornet for 1 turns
  8477 | D:6      | Slain by a hornet

Illustrated notes

Levels and vault maps discovered:
D:1:      amcnicky_arrival_blooded_trapdoor, layout_rooms
D:2:      layout_loops_cross
D:3:      layout_basic, minmay_cut_off, uniq_robin
D:4:      layout_gridville, hangedman_decor_clover_reticule,
          kennysheep_cross_room, uniq_edmund
D:5:      layout_rooms, nicolae_overflow_hidden_temple,
          gammafunk_temple_overflow_claw, cheibrodos_sewer_entry_bend
D:6:      layout_rooms
D:7:      layout_basic, minmay_temple_entry_antechambers, serial_shops,
          shop_statue, kennysheep_little_box, shop,
          nicolae_shop_tiny_statue_garden, nicolae_shop_hallway_plus
D:8:      layout_loops_ring, serial_co_window_serial, co_window_paths_b,
          co_window_of_opportunity_a, co_window_of_opportunity_a,
          co_window_paths_a, co_window_paths_a, co_window_2corner,
          co_window_cross_4, co_window_corner_b, co_window_of_opportunity_b,
          co_window_unsneaky_path_a, co_window_corner_b, co_window_2corner,
          co_window_paths_d, glass_columns_b, glass_columns_b, glass_columns_c,
          glass_columns_b

Skill      XL: |  1  2  3  4  5  6  7  8 |
---------------+-------------------------+-----
Stealth        | 1 2 3 4 |  4.4
Ranged Weapons | 1 2 3 4 |  4.3
Spellcasting   | 2 3 4 |  4.3
Fire Magic     | 4 5 6 7 |  7.2
Conjurations   | 1 |  1.8
Fighting       | |  3.0
Maces & Flails | |  3.1

Action                     |  1- 3 |  4- 6 |  7- 9 || total
---------------------------+-------+-------+-------++-------
  Melee: Mace              |    58 |    24 |    27 ||   109
         Punch             |     2 |       |     2 ||     4
         Dagger            |       |       |    16 ||    16
         Falchion          |       |       |    13 ||    13
   Fire: Sling             |    56 |    74 |    65 ||   195
  Throw: Stone             |       |    12 |     2 ||    14
   Cast: Scorch            |    16 |    34 |    82 ||   132
 Invoke: Fiery Armour      |     1 |     1 |     3 ||     5
         Foxfire Swarm     |       |       |     5 ||     5
    Use: Scroll            |     6 |     3 |     7 ||    16
         Potion            |       |     2 |     9 ||    11
 Armour: Robe              |    22 |    17 |    22 ||    61
  Dodge: Dodged            |    56 |    39 |    76 ||   171
